 Dungeon Crawl Stone Soup version 0.22.0 (webtiles) character file.

13280 Astral24 the Severer (level 11, -3/97 HPs)
             Began as a Minotaur Berserker on Oct 22, 2018.
             Was an Elder of Trog.
             Slain by a 12-headed hydra (13 damage)
             ... on level 12 of the Dungeon.
             The game lasted 00:43:31 (12065 turns).

Astral24 the Severer (Minotaur Berserker)          Turns: 12065, Time: 00:43:33

Health: -3/97      AC: 13    Str: 26    XL:     11   Next: 73%
Magic:  13/13      EV: 12    Int:  4    God:    Trog [****..]
Gold:   662        SH:  0    Dex:  9    Spells: 10/10 levels left

rFire    + . .     SeeInvis .   E - +4 broad axe (freeze)
rCold    . . .     Gourm    .   (no shield)
rNeg     . . .     Faith    .   r - +1 scale mail {MR+}
rPois    +         Spirit   .   (helmet restricted)
rElec    .         Reflect  .   T - +1 cloak {rPois}
rCorr    .         Harm     .   (no gloves)
MR       +....                  P - +0 pair of boots
Stlth    ..........             z - amulet of rage
HPRegen  0.26/turn              e - ring of protection from fire
MPRegen  0.13/turn              (no ring)

@: no status effects
A: retaliatory headbutt, horns 2
a: Berserk, Trog's Hand, Brothers in Arms, Renounce Religion, Evoke Berserk Rage


You were on level 12 of the Dungeon.
You worshipped Trog.
Trog was greatly pleased with you.
You were not hungry.

You visited 2 branches of the dungeon, and saw 13 of its levels.
You also visited: Ossuary.

You collected 662 gold pieces.

Inventory:

Hand Weapons
 a - a +2 battleaxe of venom
 b - a +2 hunting sling of velocity
 E - a +4 broad axe of freezing (weapon)
Missiles
 k - 61 poisoned needles
 l - 396 stones (quivered)
 y - 85 sling bullets
 B - 8 tomahawks
Armour
 r - a +1 scale mail of magic resistance (worn)
 P - a +0 pair of boots (worn)
 T - a +1 cloak of poison resistance (worn)
Jewellery
 e - a ring of protection from fire (left hand)
 z - an amulet of rage (around neck)
Wands
 s - a wand of polymorph (8)
 t - a wand of enslavement (19)
 D - a wand of digging (12)
 F - a wand of iceblast (42)
 G - a wand of paralysis (18)
 J - a wand of flame (17)
 S - a wand of random effects (30)
Scrolls
 f - 2 scrolls of immolation
 h - 4 scrolls of magic mapping
 n - 2 scrolls of enchant weapon {unknown}
 p - 7 scrolls of remove curse
 q - 9 scrolls of teleportation
 C - 2 scrolls of fear
 H - a scroll of blinking
 I - a scroll of vulnerability
 K - 3 scrolls of random uselessness
 L - 3 scrolls of identify
 N - a scroll of fog {unknown}
 R - a scroll of amnesia {unknown}
 U - 3 scrolls of summoning {unknown}
Potions
 d - 13 potions of heal wounds
 g - 2 potions of ambrosia
 i - 2 potions of berserk rage {unknown}
 j - a potion of agility {unknown}
 m - 13 potions of curing
 o - 3 potions of lignification
 u - 6 potions of might
 v - 4 potions of haste
 w - 2 potions of brilliance
 x - 2 potions of invisibility
 A - 2 potions of flight
 M - a potion of mutation {unknown}
 O - a potion of magic {unknown}
Comestibles
 c - 21 rations
 V - 5 chunks of flesh


   Skills:
 + Level 9.3 Fighting
 * Level 16.3 Axes
 + Level 0.5 Throwing
 + Level 9.5 Armour
 + Level 4.8 Dodging
 - Level 5.0 Evocations


You had 10 spell levels left.
You didn't know any spells.
Your spell library was empty.

Dungeon Overview and Level Annotations

Branches:
Dungeon (12/15)            Temple (1/1) D:5            Lair (0/6) D:8
    Orc (0/2) D:9

Altars:
Ashenzari
Cheibriados
Dithmenos
Elyvilon
Fedhas
Gozag
Hepliaklqana
Kikubaaqudgha
Makhleb
Nemelex Xobeh
Okawaru
Qazlal
Ru
Sif Muna
Trog
Uskayaw
Vehumet
Wu Jian
Xom
Yredelemnul
Zin
The Shining One
Beogh

Shops:
D:9 %

Annotations:
D:6 exclusion: downstairs


Innate Abilities, Weirdness & Mutations

You reflexively headbutt those who attack you in melee.
You have a pair of horns on your head.


Message History

The ten-headed hydra bites you!
* * * LOW HITPOINT WARNING * * *
The ten-headed hydra bites you but does no damage.
The ten-headed hydra bites you!
* * * LOW HITPOINT WARNING * * *
The ten-headed hydra bites you but does no damage.
Unknown command.
You hack one of the ten-headed hydra's heads off!
The nine-headed hydra grows two more!
You hit the 11-headed hydra.
The 11-headed hydra seems to slow down.
You freeze the 11-headed hydra. You headbutt the 11-headed hydra.
The 11-headed hydra is almost dead.
You hack one of the 11-headed hydra's heads off!
The ten-headed hydra grows two more!
You slash the 12-headed hydra! You freeze the 12-headed hydra.
The 12-headed hydra is almost dead.
The 12-headed hydra barely misses you.
The 12-headed hydra bites you but does no damage.
The 12-headed hydra bites you!
You die...

....#....#..#....................
....#....#..#.....######.........
....#....'..#.....# ..#.......^.
....#....#..#.....# ...#.......[.
....#....#..#.....#....#.........
....######..#######....##########
........................ ....
........................ ....
................@D.....( ....
....................(... ....
##......##########....(. ####
#....<.# ...>.( ######## .....
..... .... ####


You could see a 12-headed hydra.

Vanquished Creatures
  A two-headed ogre (D:10)
  Erica (D:9)
  2 cyclopes (D:11)
  A wolf spider zombie (D:10)
  Maurice (D:10)
  3 centaur skeletons
  2 hellwings
  A troll (D:9)
  Grinder (D:3)
  A meliai zombie (D:10)
  Prince Ribbit (D:9)
  A hippogriff (D:8)
  A tarantella (D:7)
  A wyvern (D:11)
  6 yaks (D:11)
  2 hungry ghosts
  2 vampire mosquitoes (D:12)
  3 orc warriors
  An ice beast (D:7)
  3 phantoms
  An eye of draining (D:8)
  2 sky beasts
  2 centaurs (D:7)
  3 ogres
  A big kobold (D:11)
  6 bullfrogs
  2 wyvern skeletons
  2 scorpions
  11 killer bees (D:7)
  6 howler monkeys
  4 crimson imps
  9 centaur zombies
  3 bullfrog zombies
  2 bullfrog skeletons
  6 jellies
  8 orc priests
  4 hounds
  8 orc wizards
  11 mummies (Ossuary)
  6 worker ants
  6 iguanas
  Terence (D:3)
  A killer bee zombie (Ossuary)
  A hound zombie (D:8)
  A howler monkey zombie (Ossuary)
  4 worker ant zombies
  3 gnolls
  A howler monkey skeleton (D:6)
  17 adders
  6 shadow imps
  An adder skeleton (D:4)
  2 adder zombies
  5 worms
  12 dart slugs
  11 leopard geckos
  37 orcs
  6 giant cockroaches
  5 goblins
  6 hobgoblins
  18 jackals
  5 quokkas
  2 ball pythons (D:3)
  8 bats
  6 frilled lizards
  A giant cockroach zombie (Ossuary)
  2 jackal zombies (Ossuary)
  12 kobolds
  A leopard gecko zombie (Ossuary)
  A quokka skeleton (D:9)
  A quokka zombie (Ossuary)
  8 rats
  A withered plant (Ossuary)
324 creatures vanquished.

Vanquished Creatures (collateral kills)
  A two-headed ogre (D:11)
  An ugly thing (D:12)
  A bullfrog skeleton (D:12)
3 creatures vanquished.

Vanquished Creatures (others)
  A withered plant (Ossuary)
1 creature vanquished.

Grand Total: 328 creatures vanquished

Notes
Turn   | Place    | Note
-------+----------+-------------------------------------------
     0 | D:1      | Astral24 the Minotaur Berserker began the quest for the Orb.
     0 | D:1      | Reached XP level 1. HP: 19/19 MP: 0/0
   288 | D:1      | Reached skill level 4 in Axes
   290 | D:1      | Reached XP level 2. HP: 27/27 MP: 1/1
   736 | D:2      | Reached XP level 3. HP: 26/33 MP: 2/2
  1181 | D:2      | Reached skill level 5 in Axes
  1246 | D:2      | Reached ** piety under Trog
  1319 | D:2      | Found a glowing golden altar of the Shining One.
  1441 | D:2      | Reached XP level 4. HP: 37/41 MP: 3/3
  1850 | D:3      | Noticed Terence
  1856 | D:3      | Killed Terence
  1978 | D:3      | Reached skill level 6 in Axes
  1993 | D:3      | Reached XP level 5. HP: 36/47 MP: 4/4
  2309 | D:3      | Noticed Grinder
  2320 | D:3      | Killed Grinder
  2320 | D:3      | Reached skill level 7 in Axes
  2320 | D:3      | Reached XP level 6. HP: 27/55 MP: 5/5
  2934 | D:4      | Noticed a hungry ghost
  2968 | D:4      | Reached skill level 5 in Fighting
  2968 | D:4      | Reached skill level 8 in Axes
  2968 | D:4      | Reached XP level 7. HP: 58/61 MP: 6/6
  3029 | D:3      | Killed a hungry ghost
  3033 | D:4      | Reached *** piety under Trog
  3107 | D:4      | Reached skill level 5 in Armour
  3578 | D:4      | Reached skill level 9 in Axes
  3884 | D:5      | Entered Level 5 of the Dungeon
  3936 | D:5      | Reached XP level 8. HP: 50/69 MP: 7/7
  3989 | D:5      | Found a staircase to the Ecumenical Temple.
  4005 | Temple   | Entered the Ecumenical Temple
  4647 | D:5      | Reached skill level 10 in Axes
  5840 | D:7      | Noticed a hippogriff
  5842 | D:7      | a hippogriff changed into a tarantella
  5851 | D:7      | Reached skill level 11 in Axes
  6005 | D:7      | Reached XP level 9. HP: 75/75 MP: 8/8
  6008 | D:7      | Reached **** piety under Trog
  6136 | D:7      | Reached skill level 1 in Evocations
  6422 | D:7      | Reached skill level 12 in Axes
  7094 | D:8      | Found a sand-covered staircase.
  7098 | Ossuary  | Entered an ossuary
  7120 | Ossuary  | Reached ***** piety under Trog
  7137 | Ossuary  | Received a gift from Trog
  7234 | Ossuary  | Reached skill level 13 in Axes
  7592 | D:8      | Reached XP level 10. HP: 84/86 MP: 10/10
  7661 | D:8      | Found a staircase to the Lair.
  7871 | D:8      | Found a radiant altar of Vehumet.
  7975 | D:9      | Found a staircase to the Orcish Mines.
  7984 | D:9      | Found a roughly hewn altar of Beogh.
  8062 | D:9      | Noticed Prince Ribbit
  8065 | D:9      | Killed Prince Ribbit
  8147 | D:9      | Noticed Erica
  8159 | D:9      | Killed Erica
  8249 | D:9      | Found Fapol's Food Shop.
  8362 | D:9      | Reached skill level 14 in Axes
  8708 | D:10     | Entered Level 10 of the Dungeon
  9159 | D:10     | Reached XP level 11. HP: 53/95 MP: 13/13
  9176 | D:10     | Received a gift from Trog
  9292 | D:10     | Noticed Maurice
  9296 | D:10     | Killed Maurice
  9296 | D:10     | Received a gift from Trog
  9296 | D:10     | Reached skill level 15 in Axes
  9395 | D:10     | Noticed a two-headed ogre
  9403 | D:10     | Killed a two-headed ogre
  9829 | D:10     | Found a bloodstained altar of Trog.
 10407 | D:11     | Noticed a two-headed ogre
 10411 | D:11     | Killed a two-headed ogre
 11453 | D:12     | Reached skill level 16 in Axes
 11609 | D:12     | Noticed a green ugly thing
 11628 | D:12     | Killed a green ugly thing
 11746 | D:12     | Reached skill level 5 in Evocations
 12052 | D:12     | Noticed a five-headed hydra
 12065 | D:12     | Slain by a 12-headed hydra

Skill      XL: |  1  2  3  4  5  6  7  8  9 10 11 |
---------------+----------------------------------+-----
Axes           | 4 5 6 7 8 9 11 13 14 16 | 16.3
Fighting       | 4 5 6 7 8 9 |  9.3
Armour         | 3 4 5 7 8 9 |  9.5
Dodging        | 3 4 |  4.8
Evocations     | 2 4 5 |  5.0
Throwing       | |  0.5

Action                   |  1- 3 |  4- 6 |  7- 9 | 10-12 || total
-------------------------+-------+-------+-------+-------++-------
Melee: Hand axe          |    75 |     8 |       |       ||    83
       Headbutt          |    11 |    11 |    44 |    54 ||   120
       War axe           |       |    75 |   260 |       ||   335
       Broad axe         |       |       |    65 |   145 ||   210
       Battleaxe         |       |       |       |   120 ||   120
Throw: Stone             |       |     2 |       |     3 ||     5
       Javelin           |       |       |       |     9 ||     9
Invok: Berserk           |       |     2 |     3 |     3 ||     8
       Trog's Hand       |       |     1 |     1 |     4 ||     6
       Brothers in Arms  |       |       |       |     2 ||     2
Evoke: Wand              |       |       |     6 |       ||     6
  Use: Scroll            |       |       |    17 |     1 ||    18
 Stab: Distracted        |       |       |       |     1 ||     1
  Eat: Chunk             |     2 |     7 |    14 |    15 ||    38
       Ration            |       |       |     3 |     1 ||     4
Armor: Ring mail         |    28 |     1 |       |       ||    29
       Scale mail        |       |    30 |    99 |    99 ||   228
Dodge: Dodged            |    50 |    42 |   149 |   141 ||   382
Block: Buckler           |       |       |     8 |     9 ||    17
